 Dungeon Crawl Stone Soup version 0.27.0-1-g7a089689b8 (webtiles) character file.

Game seed: 8484327369720931143

3838 Malachi the Covert (level 9, 0/57 HPs)
             Began as a Vampire Enchanter on Aug 15, 2021.
             Was a Priest of Kikubaaqudgha.
             Slain by a neqoxec (3 damage)
             ... on level 9 of the Dungeon.
             The game lasted 00:17:15 (7601 turns).

Malachi the Covert (Vampire Enchanter)              Turns: 7601, Time: 00:17:15

Health: 0/57       AC:  7    Str: 13      XL:     9   Next: 98%
Magic:  10/12      EV: 17    Int: 20      God:    Kikubaaqudgha [***...]
Gold:   373        SH:  0    Dex: 14 (15) Spells: 4/12 levels left

rFire    . . .     SeeInvis +   h - +2 dagger (elec)
rCold    . . .     Faith    .   (no shield)
rNeg     . . .     Spirit   .   r - +2 leather armour {rPois}
rPois    +         Reflect  .   (no helmet)
rElec    .         Harm     .   (no cloak)
rCorr    .         Rampage  .   p - +1 pair of gloves
Will     .....                  (no boots)
Stlth    +++++.....             n - amulet of magic regeneration
HPRegen  0.39/turn              c - +6 ring of strength
MPRegen  0.38/turn              o - +4 ring of evasion

@: confusing by touch, about to teleport, healing quickly
A: alive, fangs 3, see invisible, vampiric 2, MP-powered wands
a: Exsanguinate, Renounce Religion, Receive Corpses


You were on level 9 of the Dungeon.
You worshipped Kikubaaqudgha.
Kikubaaqudgha was most pleased with you.
You visited 1 branch of the dungeon, and saw 9 of its levels.

You collected 373 gold pieces.

Inventory:

Hand Weapons
 a - a +1 dagger
 g - a +0 antimagic dagger
 h - a +2 dagger of electrocution (weapon)
Missiles
 w - a throwing net
Armour
 b - a +0 robe
 p - a +1 pair of gloves (worn)
 r - a +2 leather armour of poison resistance (worn)
Magical Staves
 s - a staff of death
Jewellery
 c - a +6 ring of strength (left hand)
 j - a ring of positive energy
 k - a ring of positive energy
 n - an amulet of magic regeneration (around neck)
 o - a +4 ring of evasion (right hand)
Wands
 x - a wand of flame (35)
 y - a wand of acid (11)
Scrolls
 f - 3 scrolls of amnesia
 i - 4 scrolls of enchant weapon
Potions
 e - a potion of magic
 l - 2 potions of berserk rage
 m - a potion of resistance
 q - 2 potions of flight
 t - a potion of curing
 u - a potion of attraction
 A - a potion of mutation {unknown}
 C - a potion of ambrosia


   Skills:
 * Level 9.0 Short Blades
 + Level 2.8 Armour
 + Level 5.0 Dodging
 + Level 12.5 Stealth
 - Level 2.1 Spellcasting
 + Level 8.1 Hexes
 * Level 4.5 Ice Magic


You had 4 spell levels left.
You knew the following spells:

 Your Spells              Type           Power      Damage    Failure   Level
a - Tukima's Dance        Hex            34%        N/A       1%          3
b - Ensorcelled Hibernat  Hex/Ice        54%        N/A       2%          2
c - Confusing Touch       Hex            34%        N/A       1%          3

Your spell library contained the following spells:

 Spells                   Type           Power      Damage    Failure   Level
 Corona                   Hex            37%        N/A       1%          1
 Dazzling Flash           Conj/Hex       36%        N/A       11%         3
 Animate Skeleton         Necr           4%         N/A       21%         1
 Pain                     Necr           8%         1d4       21%         1
 Corpse Rot               Necr/Air       N/A        N/A       30%         2
 Vampiric Draining        Necr           1%         2d6       52%         3
 Animate Dead             Necr           1%         N/A       89%         4
 Dispel Undead            Necr           2%         3d7       89%         4
 Agony                    Necr           2%         N/A       99%         5
 Borgnjor's Vile Clutch   Necr/Erth      1%         N/A       99%         5
 Death Channel            Necr           1%         N/A       100%        6


Dungeon Overview and Level Annotations

Branches:
Dungeon (9/15)             Temple (0/1) D:6
   Lair: D:8-11         Orc: D:9-12

Altars:
Gozag
Hepliaklqana
Kikubaaqudgha
Makhleb
Wu Jian

Shops:
D:8 ?

Annotations:
D:9 1 transporter, chipmonk's ghost, journeyman DjWz


Innate Abilities, Weirdness & Mutations

Your natural rate of healing is accelerated.
You have razor-sharp teeth.
You have supernaturally acute eyesight. (SInv)
You are afflicted with vampirism and can become a bat while bloodless.
You expend magic power (3 MP) to strengthen your wands.


Message History

The neqoxec gestures at you.
Strange energies course through your body.
You feel your magical essence link to the dungeon's wands.
You closely miss the neqoxec.
The neqoxec is almost dead.
Chipmonk's ghost casts a spell.
The neqoxec is struck by an arc of lightning!
The neqoxec is struck by an arc of lightning.
The neqoxec dies!
You are struck by an arc of lightning.
Chipmonk's ghost is struck by an arc of lightning.
The neqoxec is struck by an arc of lightning!
The lightning grounds out.
You are struck by an arc of lightning!
* * * LOW HITPOINT WARNING * * *
Chipmonk's ghost is struck by an arc of lightning.
You are struck by an arc of lightning.
* * * LOW HITPOINT WARNING * * *
Chipmonk's ghost is struck by an arc of lightning.
The lightning grounds out.
You barely miss chipmonk's ghost.
You bite chipmonk's ghost, but do no damage.
Chipmonk's ghost is heavily damaged.
Chipmonk's ghost misses you.
You feel better. The neqoxec closely misses you.
Chipmonk's ghost casts a spell.
The neqoxec is struck by an arc of lightning!
Chipmonk's ghost is struck by an arc of lightning.
You are struck by an arc of lightning.
* * * LOW HITPOINT WARNING * * *
The lightning grounds out.
You are struck by an arc of lightning!
* * * LOW HITPOINT WARNING * * *
Chipmonk's ghost is struck by an arc of lightning.
You are struck by an arc of lightning.
* * * LOW HITPOINT WARNING * * *
The lightning grounds out.
Okay, then.
As you read the scroll of teleportation, it crumbles to dust.
You feel strangely unstable. The neqoxec hits you.
You die...
Kikubaaqudgha rasps: "You have failed me!
Welcome... death!"

#### # ### /..
##©###§§#####
#.3...§#§W?§#
5..#.§§#3@§##
#..#§§§§§.# #
#..©.§##..#.#
#.#$....#.....#.#
....###=..##.## #
#..#..)?$.. .#
.## #####..##
...####.©.####..
#..............#


You could see a neqoxec and chipmonk's ghost.

Vanquished Creatures
  A two-headed ogre (D:8)
  2 steam dragons (D:8)
  Eustachio (D:6)
  2 vampire mosquitoes (D:5)
  A black bear (D:4)
  3 sky beasts
  2 necrophages
  2 centaurs
  A phantom (D:6)
  A kobold brigand (D:8)
  A bullfrog (D:7)
  4 scorpions (D:5)
  A water moccasin skeleton (D:6)
  2 wyvern skeletons
  3 killer bees (D:7)
  2 howler monkeys
  8 crimson imps (D:7)
  A bullfrog zombie (D:6)
  2 quasits (D:9)
  A hound (D:2)
  A jelly (D:7)
  2 bullfrog skeletons
  3 orc priests
  An iguana (D:6)
  4 centaur skeletons
  2 orc wizards (D:8)
  A killer bee zombie (D:8)
  A hound skeleton (D:4)
  6 gnolls
  4 adders
  2 shadow imps
  A white imp (D:7)
  A worm (D:2)
  A dart slug (D:2)
  26 orcs
  7 ball pythons
  7 endoplasms
  2 giant cockroaches (D:1)
  11 goblins
  8 hobgoblins
  11 jackals
  2 quokkas
  5 bats
  6 frilled lizards
  5 kobolds
  7 rats
168 creatures vanquished.

Vanquished Creatures (others)
  2 neqoxecs (D:9)
  2 quasits (D:9)
4 creatures vanquished.

Grand Total: 172 creatures vanquished

Notes
Turn   | Place    | Note
-------+----------+-------------------------------------------
     0 | D:1      | Malachi the Vampire Enchanter began the quest for the Orb.
     0 | D:1      | Reached XP level 1. HP: 13/13 MP: 3/3
    11 | D:1      | You fall into a shaft and drop 1 floor!
   375 | D:2      | Reached XP level 2. HP: 19/19 MP: 5/5
   378 | D:2      | Learned a level 2 spell: Ensorcelled Hibernation
   391 | D:2      | Reached skill level 5 in Stealth
   496 | D:2      | Gained mutation: You are afflicted with vampirism and can
                  | become a bat while bloodless. [Vampire growth]
   496 | D:2      | Reached XP level 3. HP: 21/24 MP: 1/6
   500 | D:2      | Learned a level 3 spell: Confusing Touch
   607 | D:2      | Reached skill level 5 in Hexes
   850 | D:2      | Reached XP level 4. HP: 19/30 MP: 1/7
  1071 | D:2      | Reached skill level 6 in Stealth
  1371 | D:1      | Found a faded altar of an unknown god.
  2131 | D:3      | Found an ornate altar of the Wu Jian Council.
  2230 | D:1      | Became a worshipper of Kikubaaqudgha
  2230 | D:1      | Reached * piety under Kikubaaqudgha
  2230 | D:1      | Received a gift from Kikubaaqudgha
  2394 | D:3      | Noticed a necrophage
  2427 | D:3      | Killed a necrophage
  2428 | D:3      | Reached skill level 7 in Stealth
  2428 | D:3      | Reached XP level 5. HP: 21/35 MP: 4/8
  3142 | D:4      | Reached XP level 6. HP: 41/41 MP: 5/9
  3197 | D:4      | Found a hazy altar of Hepliaklqana.
  3206 | D:4      | Found a burning altar of Makhleb.
  3250 | D:4      | Reached skill level 8 in Stealth
  3495 | D:5      | Entered Level 5 of the Dungeon
  3603 | D:5      | Reached skill level 9 in Stealth
  3603 | D:5      | Reached XP level 7. HP: 34/46 MP: 0/10
  3711 | D:5      | Reached ** piety under Kikubaaqudgha
  3714 | D:5      | Reached skill level 5 in Short Blades
  3875 | D:5      | Reached skill level 10 in Stealth
  3962 | D:5      | Noticed a vampire mosquito
  3963 | D:5      | Noticed a vampire mosquito
  3981 | D:5      | Killed a vampire mosquito
  4084 | D:5      | Killed a vampire mosquito
  4085 | D:5      | Reached skill level 1 in Ice Magic
  4085 | D:5      | Reached XP level 8. HP: 52/52 MP: 7/11
  4766 | D:6      | Reached skill level 11 in Stealth
  5016 | D:6      | Noticed Eustachio
  5035 | D:6      | Killed Eustachio
  5419 | D:6      | Found a staircase to the Ecumenical Temple.
  6123 | D:7      | Reached *** piety under Kikubaaqudgha
  6123 | D:7      | Received a gift from Kikubaaqudgha
  6124 | D:7      | Reached XP level 9. HP: 48/57 MP: 12/12
  6158 | D:7      | Reached skill level 1 in Armour
  6301 | D:7      | Found an opulent altar of Gozag.
  6598 | D:7      | Reached skill level 12 in Stealth
  6737 | D:8      | Found Pago's Magic Scroll Emporium.
  6995 | D:8      | Noticed a two-headed ogre
  7001 | D:8      | Killed a two-headed ogre
  7039 | D:8      | Learned a level 3 spell: Tukima's Dance
  7061 | D:8      | Reached skill level 5 in Dodging
  7222 | D:8      | Found an ancient bone altar of Kikubaaqudgha.
  7562 | D:9      | Found a transporter.
  7562 | D:9      | Noticed chipmonk's ghost (journeyman DjWz)
  7576 | D:9      | Found a transporter.
  7597 | D:9      | Gained mutation: You expend magic power (3 MP) to
                  | strengthen your wands. [a neqoxec]
  7601 | D:9      | Slain by a neqoxec

Illustrated notes

Levels and vault maps discovered:
D:1:      dpeg_arrival_round_a, layout_basic, chequers_ecumenical_altar_lobes
D:2:      layout_rooms
D:3:      layout_loops_ring, mainiacjoe_overflow_cross_hatched
D:4:      layout_rooms, mainiacjoe_overflow_swirl, minmay_misc_feat_square
D:5:      layout_rooms, serial_curves, eino_curves_02, eino_curves_04,
          eino_curves_02, eino_curves_02
D:6:      layout_gridville, temple_hall, uniq_eustachio
D:7:      layout_loops_ring, nicolae_gozag_cash_rules_everything_around_me,
          minmay_nine_imps
D:8:      layout_rooms, kiku_gazebo_pond_becter, serial_shops,
          nicolae_shop_trees, blue_anna_alchemist
D:9:      layout_roguey, due_lair_maze_entry_diamond,
          gammafunk_ghost_stat_death, kb_lookout_dungeons_type, uniq_erica,
          uniq_harold, uniq_prince_ribbit1

Skill      XL: |  1  2  3  4  5  6  7  8  9 |
---------------+----------------------------+-----
Stealth        | 5 7 9 10 11 12 | 12.5
Hexes          | 5 7 8 |  8.1
Short Blades   | 2 3 4 5 7 9 |  9.0
Ice Magic      | 1 2 4 |  4.5
Dodging        | 3 5 |  5.0
Armour         | 2 |  2.8
Spellcasting   | |  2.1

Action                   |  1- 3 |  4- 6 |  7- 9 || total
-------------------------+-------+-------+-------++-------
Melee: Dagger            |    97 |   170 |   353 ||   620
       Bite              |     9 |    15 |    37 ||    61
 Cast: Ensorcelled Hiber |     7 |     7 |    20 ||    34
       Confusing Touch   |       |     5 |     8 ||    13
Evoke: Wand              |       |       |     3 ||     3
  Use: Scroll            |       |    12 |     8 ||    20
       Potion            |       |       |     7 ||     7
 Stab: Sleeping          |     7 |    20 |    16 ||    43
       Confused          |       |     4 |     3 ||     7
       Distracted        |       |     1 |     1 ||     2
Armor: Robe              |    17 |    37 |    23 ||    77
       Skin              |       |       |     2 ||     2
       Leather armour    |       |       |    55 ||    55
Dodge: Dodged            |    70 |    93 |   280 ||   443
